 Dungeon Crawl Stone Soup version 0.20.0-8-g6b59dc7 (webtiles) character file.

137 Bareth the Firebug (level 5, -2/35 HPs)
             Began as a Demonspawn Fire Elementalist on May 31, 2017.
             Slain by an orc
             ... wielding a +0 dagger
              (3 damage)
             ... on level 3 of the Dungeon.
             The game lasted 00:23:00 (2997 turns).

Bareth the Firebug (Demonspawn Fire Elementalist)   Turns: 2997, Time: 00:23:00

Health: -2/35      AC:  6    Str:  8    XL:     5   Next: 0%
Magic:  1/9        EV: 12    Int: 17    God:
Gold:   50         SH:  0    Dex: 14    Spells: 4/10 levels left

rFire    . . .     SeeInvis .   e - +0 dagger
rCold    . . .     Gourm    .   (no shield)
rNeg     . . .     Faith    .   a - +0 robe
rPois    .         Spirit   .   (helmet restricted)
rElec    .         Reflect  .   (no cloak)
rCorr    .         Harm     .   (no gloves)
MR       .....                  g - +0 pair of boots
Stlth    ++........             (no amulet)
Regen    0.2/turn               (no ring)
MPRegen  0.2/turn               (no ring)

@: no status effects
A: antennae 1, slimy green scales 2
a: no special abilities


You were on level 3 of the Dungeon.
You were hungry.

You visited 1 branch of the dungeon, and saw 3 of its levels.

You collected 50 gold pieces.

Inventory:

Hand Weapons
 e - a +0 dagger (weapon)
Armour
 a - a +0 robe (worn)
 g - a +0 pair of boots (worn)
Scrolls
 d - a scroll of fear {unknown}
 h - a scroll of magic mapping {unknown}
 l - a scroll of teleportation {unknown}
 m - a scroll of identify
Potions
 i - a potion of might
 k - a potion of mutation {unknown}
Books
 b - a book of Flames

   Spells                             Type                      Level
   a - Flame Tongue                   Conjuration/Fire             1
   b - Throw Flame                    Conjuration/Fire             2
   c - Conjure Flame                  Conjuration/Fire             3
   d - Inner Flame                    Hexes/Fire                   3
   e - Sticky Flame                   Conjuration/Fire             4
   f - Fireball                       Conjuration/Fire             5
Comestibles
 c - 2 bread rations
 f - 3 fruits
 j - a meat ration


   Skills:
 - Level 1.7 Dodging
 - Level 1.9 Stealth
 + Level 3.2 Spellcasting
 - Level 1.0 Conjurations
 * Level 4.3 Fire Magic


You had 4 spell levels left.
You knew the following spells:

 Your Spells              Type           Power        Failure   Level  Hunger
a - Flame Tongue          Conj/Fire      ##...        5%          1    None
b - Throw Flame           Conj/Fire      ##....       9%          2    ##.....
c - Conjure Flame         Conj/Fire      ##......     17%         3    ###....


Dungeon Overview and Level Annotations

Branches:
Dungeon (3/15)

Altars:
Nemelex Xobeh


Innate Abilities, Weirdness & Mutations

You have a pair of small antennae on your head.
You are mostly covered in slimy green scales. (AC +3)


Message History

The orc barely misses you.
The orc priest looks encouraged for a moment.
The orc hits you with a dagger.
You closely miss the orc priest.
The orc priest is almost dead.
The orc priest mumbles some strange prayers to Beogh against you.
Pain shoots through your body!
* * * LOW HITPOINT WARNING * * *
The orc barely misses you. The orc closely misses you.
You barely miss the orc priest.
The orc priest is almost dead.
The orc priest casts a cantrip, but nothing happens.
The orc hits you with a dagger.
* * * LOW HITPOINT WARNING * * *
The orc hits you with a club.
* * * LOW HITPOINT WARNING * * *
The orc priest hits you with a falchion.
* * * LOW HITPOINT WARNING * * *
The orc hits you with a dagger.
You die...

######## ##......##
##........### #####
#...........## #...#
####.........)@o# #.>.#
#.............oo## #...#
#.[...........#..###...#
#.............##...#...#
#...<.........####..รท..#
#.............# #.#.###
#(..<.........# #..>.#
#.............# #.#..#
#.........)...# #.....#


You could see an orc priest and 2 orcs.

Vanquished Creatures
  Robin (D:2)
  3 adders (D:2)
  An ooze (D:1)
  3 dart slugs
  3 leopard geckos
  2 orcs (D:3)
  9 bats
  3 giant cockroaches
  18 goblins
  8 hobgoblins
  2 jackals (D:1)
  2 quokkas
  5 frilled lizards
  13 kobolds
  6 rats
79 creatures vanquished.

Notes
Turn   | Place    | Note
-------+----------+-------------------------------------------
     0 | D:1      | Bareth the Demonspawn Fire Elementalist began the quest for the Orb.
     0 | D:1      | Reached XP level 1. HP: 13/13 MP: 3/3
   147 | D:1      | Reached skill level 3 in Fire Magic
   166 | D:1      | Gained mutation: You have a pair of small antennae on your head. [demonic ancestry]
   166 | D:1      | Reached XP level 2. HP: 18/19 MP: 0/5
   612 | D:1      | Gained mutation: You are partially covered in slimy green scales. (AC +2) [demonic ancestry]
   612 | D:1      | Reached XP level 3. HP: 16/24 MP: 3/6
   769 | D:1      | Learned a level 2 spell: Throw Flame
   773 | D:1      | Learned a level 3 spell: Conjure Flame
   952 | D:1      | Found a sparkling altar of Nemelex Xobeh.
  1375 | D:2      | Noticed Robin
  1606 | D:2      | Killed Robin
  1606 | D:2      | Gained mutation: You are mostly covered in slimy green scales. (AC +3) [demonic ancestry]
  1606 | D:2      | Reached XP level 4. HP: 26/30 MP: 1/8
  2012 | D:2      | Reached skill level 4 in Fire Magic
  2991 | D:3      | Reached XP level 5. HP: 29/35 MP: 2/9
  2997 | D:3      | HP: 1/35 [orc priest/falchion (1)]
  2997 | D:3      | Slain by an orc

Skill      XL: |  1  2  3  4 |
---------------+-------------+-----
Fire Magic     | 3 4 |  4.3
Spellcasting   | 3 |  3.2
Dodging        | |  1.7
Stealth        | |  1.9
Conjurations   | |  1.0

Action                   |  1- 3 |  4- 6 || total
-------------------------+-------+-------++-------
Melee: Dagger            |    52 |    26 ||    78
 Cast: Flame Tongue      |    51 |    30 ||    81
       Throw Flame       |    11 |    32 ||    43
       Conjure Flame     |     1 |     1 ||     2
  Use: Scroll            |     1 |       ||     1
  Eat: Chunk             |     4 |     5 ||     9
Armor: Robe              |    38 |    17 ||    55
Dodge: Dodged            |    55 |    39 ||    94
